 Dungeon Crawl Stone Soup version 0.19-a0-45-g2c295ea (webtiles) character file.

408 Mefis the Magician (level 6, -3/32 HPs)
             Began as a Deep Elf Wizard on May 5, 2016.
             Was an Initiate of Ashenzari.
             Slain by Grinder (6 damage)
             ... on level 4 of the Dungeon.
             The game lasted 00:19:57 (5225 turns).

Mefis the Magician (Deep Elf Wizard)                Turns: 5225, Time: 00:19:58

Health: -3/32      AC:  4    Str:  5    XL:     6   Next: 57%
Magic:  5/17       EV: 13    Int: 24    God:    Ashenzari [......]
Gold:   193        SH:  0    Dex: 13    Spells: 6 memorised, 4 levels left

rFire  . . .     SeeInvis .     l - +0 dagger
rCold  . . .     Gourm    .     x - +0 robe {Archmagi}
rNeg   . . .     Faith    .     (no shield)
rPois  .         Spirit   .     b - +0 hat (curse)
rElec  .         Dismiss  .     y - +0 cloak (curse)
rCorr  .         Reflect  .     m - +0 pair of gloves (curse)
SustAt .         Harm     .     (no boots)
MR     .....                    (no amulet)
Stlth  +++.......               (no ring)
                                A - ring of wizardry

@: repel missiles, not resistant to hostile enchantments, fairly stealthy
A: no striking features
a: Curse Item, Renounce Religion


You were on level 4 of the Dungeon.
You worshipped Ashenzari.
Ashenzari was noncommittal.
You were not hungry.

You visited 1 branch of the dungeon, and saw 5 of its levels.

You collected 193 gold pieces.

Inventory:

Hand Weapons
 l - a +0 dagger (weapon)
Missiles
 s - 52 arrows
 D - 8 tomahawks (quivered)
 E - a throwing net
Armour
 b - a cursed +0 hat (worn)
 m - a cursed +0 pair of gloves (worn)
 x - a +0 robe of the Archmagi (worn)
 y - a cursed +0 cloak (worn)
Magical Staves
 G - an uncursed staff of death
Jewellery
 g - an uncursed amulet of guardian spirit
 u - a cursed ring of loudness
 v - an uncursed ring of protection from cold
 A - a ring of wizardry (left hand)
 F - an uncursed ring of ice
Wands
 p - a wand of iceblast (5/15)
Scrolls
 f - 3 scrolls of identify {unknown}
 h - 2 scrolls of random uselessness {unknown}
 i - 4 scrolls of teleportation {unknown}
 q - 2 scrolls of noise {unknown}
 z - a scroll of fog {unknown}
Potions
 e - a potion of mutation {unknown}
 k - 2 potions of brilliance {unknown}
 n - 2 potions of cancellation {unknown}
 o - a potion of curing
 t - a potion of lignification {unknown}
 B - a potion of agility {unknown}
 C - a potion of degeneration {unknown}
Books
 c - a book of Minor Magic

   Spells                             Type                      Level
   a - Magic Dart                     Conjuration                  1
   b - Blink                          Translocation                2
   c - Call Imp                       Summoning                    2
   d - Repel Missiles                 Charms/Air                   2
   e - Slow                           Hexes                        2
   f - Conjure Flame                  Conjuration/Fire             3
   g - Mephitic Cloud                 Conjuration/Poison/Air       3
 w - a book of Flames

   Spells                             Type                      Level
   a - Flame Tongue                   Conjuration/Fire             1
   b - Throw Flame                    Conjuration/Fire             2
   c - Conjure Flame                  Conjuration/Fire             3
   d - Inner Flame                    Hexes/Fire                   3
   e - Sticky Flame                   Conjuration/Fire             4
   f - Fireball                       Conjuration/Fire             5
Comestibles
 a - 3 chunks of flesh
 d - 2 bread rations
 j - 6 meat rations
 r - 7 fruits


   Skills:
 + Level 3.0 Dodging
 + Level 4.0 Stealth
 + Level 6.2 Spellcasting
 + Level 2.6 Conjurations
 + Level 2.2 Charms
 + Level 2.5 Summonings
 + Level 2.2 Translocations
 + Level 1.8 Fire Magic
 + Level 2.1 Poison Magic


You had 4 spell levels left.
You knew the following spells:

 Your Spells              Type           Power        Failure   Level  Hunger
a - Magic Dart            Conj           ####         1%          1    None
b - Call Imp              Summ           ####....     1%          2    None
c - Blink                 Tloc           N/A          2%          2    None
d - Repel Missiles        Chrm/Air       ###...       4%          2    None
e - Mephitic Cloud        Conj/Pois/Air  ###.....     6%          3    #......
f - Conjure Flame         Conj/Fire      ####....     4%          3    #......


Dungeon Overview and Level Annotations

Branches:
Dungeon (5/15)
 Temple: D:4-7

Altars:
Ashenzari
Cheibriados
Fedhas
Pakellas
Ru
Xom
Zin
The Shining One

Annotations:
D:2 Sigmund
D:4 Cofein's ghost, novice MiFi; Edmund; Grinder


Message History

Level annotation: Cofein's ghost, novice MiFi; Edmund
There is a stone staircase leading down here.
You start resting.
Edmund shouts!
Found 4 tomahawks.
D - 9 tomahawks (gained 4) Grinder comes into view.
Grinder shouts!
Grinder drinks a potion.
Grinder suddenly seems more resistant.
Grinder says, "There's only one good use for a tongue: cutting it out."
Grinder blinks!
You can't go up here!
Throwing (i - inventory. (,) - cycle):
D - 9 tomahawks (quivered)
Press: ? - help, Shift-Dir - straight line You throw a tomahawk.
The tomahawk hits Grinder.
Grinder is lightly wounded.
Grinder hits you.
* * * LOW HITPOINT WARNING * * *
You writhe in agony.
You die...

### .. ## .# ###
'## ..# ..## #.#
...## #.# ....###
#.# .....##. #.#
.....'...#### #@#
.....# #.... #5#
....###.#..#.###@#
...##
#...ยง..@...# ..##
######.#### '##
#.# .# #### #.# .#
#...# #.# <##
#..####.#


You could see Edmund and Grinder.

Vanquished Creatures
  An ogre (D:4)
  A hound (D:4)
  A centaur skeleton (D:3)
  An orc priest (D:3)
  Jessica (D:3)
  2 orc wizards
  A worker ant (D:4)
  5 adders
  An ooze (D:3)
  2 dart slugs (D:1)
  6 orcs
  8 bats
  2 giant cockroaches
  5 goblins
  8 hobgoblins
  9 jackals
  3 ball pythons
  3 giant newts (D:1)
  A jackal skeleton (D:4)
  10 kobolds
  6 rats
77 creatures vanquished.

Vanquished Creatures (collateral kills)
  A worker ant (D:4)
  Ijyb (D:2)
  A worm (D:2)
  A quokka (D:2)
4 creatures vanquished.

Grand Total: 81 creatures vanquished

Notes
Turn   | Place    | Note
--------------------------------------------------------------
     0 | D:1      | Mefis the Deep Elf Wizard began the quest for the Orb.
     0 | D:1      | Reached XP level 1. HP: 10/10 MP: 7/7
   362 | D:1      | Reached skill level 5 in Spellcasting
   369 | D:1      | Reached XP level 2. HP: 15/15 MP: 2/10
   373 | D:1      | Learned a level 2 spell: Call Imp
   376 | D:1      | Learned a level 2 spell: Blink
   379 | D:1      | Learned a level 2 spell: Repel Missiles
   916 | D:1      | Reached XP level 3. HP: 10/19 MP: 6/11
  1388 | D:2      | Learned a level 3 spell: Mephitic Cloud
  1487 | D:2      | Noticed Ijyb
  1499 | D:2      | Killed Ijyb
  1499 | D:2      | Reached skill level 1 in Charms
  1689 | D:2      | Reached XP level 4. HP: 22/24 MP: 11/13
  1694 | D:2      | Learned a level 3 spell: Conjure Flame
  1717 | D:2      | Found a sacrificial altar of Ru.
  1741 | D:2      | Found a snail-covered altar of Cheibriados.
  1990 | D:2      | Found a shattered altar of Ashenzari.
  2424 | D:2      | Became a worshipper of Ashenzari the Shackled
  2732 | D:3      | Noticed Sigmund
  3261 | D:3      | You fall through a shaft!
  3272 | D:4      | Found a blossoming altar of Fedhas.
  3284 | D:4      | Noticed Cofein's ghost (novice MiFi)
  3368 | D:3      | Found a shattered altar of Ashenzari.
  3372 | D:3      | Found an oddly glowing altar of Pakellas.
  3390 | D:3      | Found a glowing golden altar of the Shining One.
  3465 | D:3      | Reached skill level 1 in Poison Magic
  3465 | D:3      | Reached XP level 5. HP: 28/28 MP: 10/15
  3490 | D:3      | Noticed Jessica
  3493 | D:3      | Killed Jessica
  4152 | D:4      | Reached skill level 1 in Fire Magic
  4339 | D:4      | Noticed an ogre
  4358 | D:4      | Killed an ogre
  4358 | D:4      | Reached skill level 6 in Spellcasting
  4358 | D:4      | Reached XP level 6. HP: 16/32 MP: 4/17
  4895 | D:4      | Found a glowing silver altar of Zin.
  4895 | D:4      | Found a shimmering altar of Xom.
  4895 | D:4      | Noticed an angel
  4917 | D:4      | Noticed Edmund
  5203 | D:5      | Entered Level 5 of the Dungeon
  5219 | D:4      | Noticed Grinder
  5225 | D:4      | Slain by Grinder

Vault maps used:
D:1:      lightli_arrival_farm, minivault_26
D:2:      lemuel_round_altar, lemuel_coloured_pillars_altar, first_bread,
          nicolae_ashenzari_panopticon, uniq_iyjb
D:3:      minmay_overflow_temple_star_quad, uniq_sigmund, uniq_jessica
D:4:      grunt_temple_overflow_order_and_chaos_1, lemuel_round_altar,
          marbit_many_paths, st_stairs_9, minivault_5, kennysheep_nub,
          uniq_grinder, uniq_edmund
D:5:      lemuel_round_altar

Skill      XL: |  1  2  3  4  5  6 |
---------------+-------------------+-----
Spellcasting   | 5 6 |  6.2
Charms         | 1 2 |  2.2
Stealth        | 3 4 |  4.0
Conjurations   | 2 |  2.6
Summonings     | 2 |  2.5
Translocations | 2 |  2.2
Poison Magic   | 1 2 |  2.1
Fire Magic     | 1 |  1.8
Dodging        | 3 |  3.0

Action                   |  1- 3 |  4- 6 || total
-------------------------+-------+-------++-------
Melee: Dagger            |     2 |    19 ||    21
Throw: Tomahawk          |       |     1 ||     1
 Cast: Magic Dart        |    64 |   169 ||   233
       Repel Missiles    |     1 |       ||     1
       Call Imp          |     2 |    24 ||    26
       Blink             |       |     3 ||     3
       Mephitic Cloud    |       |     5 ||     5
       Conjure Flame     |       |     5 ||     5
Invok: Curse Item        |       |     3 ||     3
  Use: Scroll            |       |     1 ||     1
       Potion            |       |     1 ||     1
 Stab: Confused          |       |     1 ||     1
  Eat: Chunk             |     2 |    11 ||    13
Armor: Robe              |     2 |    22 ||    24
Dodge: Dodged            |     8 |    52 ||    60
       Deflected         |       |     3 ||     3
